 Dungeon Crawl Stone Soup version 0.28-a0-674-gdaf460b524 (webtiles) character file.

Game seed: 391410038117645734

126 RepHenryClay the Conjurer (level 5, -5/31 HPs)
             Began as an Octopode Conjurer on Oct 18, 2021.
             Slain by Sigmund (11 damage)
             ... on level 2 of the Dungeon.
             The game lasted 00:04:33 (3107 turns).

RepHenryClay the Conjurer (Octopode Conjurer)       Turns: 3107, Time: 00:04:34

Health: -5/31      AC:  1    Str:  6    XL:     5   Next: 9%
Magic:  3/8        EV: 13    Int: 20    God:
Gold:   76         SH:  0    Dex: 12    Spells: 1/8 levels left

rFire   . . .      SeeInvis .   a - +6 short sword
rCold   . . .      Faith    .   (no shield)
rNeg    . . .      Spirit   .   (helmet restricted)
rPois   .          Reflect  .   (no amulet)
rElec   .          Harm     .   (no ring)
rCorr   .          Rampage  .   (no ring)
Will    .....                   (no ring)
Stlth   +++.......              (no ring)
HPRegen 0.10/turn               (no ring)
MPRegen 0.11/turn               (no ring)
                                (no ring)
                                (no ring)

@: mighty, attractive
A: almost no armour, amphibious, 8 rings, camouflage 1, gelatinous body 1,
(nimble swimmer 1), tentacles
a: no special abilities


You were on level 2 of the Dungeon.
You visited 1 branch of the dungeon, and saw 2 of its levels.

You collected 76 gold pieces.

Inventory:

Hand Weapons
 a - a +6 short sword (weapon)
Scrolls
 b - 2 scrolls of fear {unknown}
 d - a scroll of fog {unknown}
 e - a scroll of magic mapping {unknown}
 f - a scroll of teleportation {unknown}
 g - a scroll of vulnerability {unknown}
 j - a scroll of identify {unknown}
Potions
 i - a potion of attraction


   Skills:
 - Level 2.0 Dodging
 - Level 2.7 Stealth
 - Level 2.0 Spellcasting
 + Level 6.2 Conjurations


You had one spell level left.
You knew the following spells:

 Your Spells              Type           Power      Damage    Failure   Level
a - Magic Dart            Conj           100%       1d8       1%          1
b - Searing Ray           Conj           52%        2d6       1%          2
c - Iskenderun's Mystic   Conj/Tloc      14%        2d5       41%         4

Your spell library contained the following spells:

 Spells                   Type           Power      Damage    Failure   Level
 Dazzling Flash           Conj/Hex       28%        N/A       13%         3
 Fulminant Prism          Conj/Hex       7%         3d7       41%         4


Dungeon Overview and Level Annotations

Branches:
Dungeon (2/15)

Altars:
Okawaru

Annotations:
D:2 Sigmund


Innate Abilities, Weirdness & Mutations

You cannot wear most types of armour.
You are amphibious.
You can wear up to eight rings at the same time.
Your skin changes colour to match your surroundings (Stealth+).
Your rubbery body absorbs attacks. (AC +1, EV +1)
((You are camouflaged near water. (Stealth+)))
You have tentacles for arms and can constrict up to eight enemies at once.


Message History

Aim: Sigmund, wielding a +0 scythe and wearing a +0 robe (lightly wounded, 77% to hit)
The searing ray misses Sigmund. (Press . to maintain the ray.) Sigmund casts a spell at you.
The puff of flame misses you.
Unknown command.
The searing ray hits Sigmund!
Sigmund is moderately wounded.
Sigmund casts a spell at you. The puff of flame hits you!
Huge Dmg: -48%(-15hp) hp: 52%(16hp)
The searing ray hits Sigmund.
Sigmund is heavily wounded.
Sigmund hits you from afar with a +0 scythe.
* * * LOW HITPOINT WARNING * * *
Huge Dmg: -19%(-6hp) hp: 33%(10hp)
The searing ray hits Sigmund.
Sigmund is severely wounded.
You finish channelling your searing ray.
Unknown command.
It was a potion of attraction.
You feel attractive to monsters. Sigmund barely misses you.
Sigmund is attracted toward you.
It was a potion of curing.
You feel better. Sigmund hits you with a +0 scythe!
* * * LOW HITPOINT WARNING * * *
Huge Dmg: -16%(-5hp) hp: 20%(6hp) It was a potion of might.
You feel very mighty all of a sudden.
Unknown command.
Okay, then.
Unknown command.
Unknown command.
Unknown command.
Unknown command.
Unknown command.
Unknown command.
You closely miss Sigmund. Your grab misses Sigmund.
Sigmund is severely wounded.
Sigmund hits you with a +0 scythe!
You die...

............ +............
............ ##...........
#......#.. #...........
#......#.# #...........
#......#.# #...........
###..(.#.# #...........
#....#.# ####........
#######....#.#########........
#.............@@§.............
#.########..#########.....>...
#.#......#..#....# #.#.######
#.#.####.#..#.##.# #.#.#
#.#......#..#†##.####.#.#
#.######.#....##......#.# #.#
#.#.############.#
#.######.#.# .# #....<...#.#
..


You could see Sigmund.

Vanquished Creatures
  Natasha (twice) (D:2)
  Robin (D:2)
  An adder (D:2)
  A worm (D:2)
  4 endoplasms
  A giant cockroach (D:2)
  8 goblins
  7 hobgoblins
  2 jackals (D:1)
  8 ball pythons
  3 bats (D:1)
  2 frilled lizards (D:2)
  4 kobolds (D:1)
  8 rats
52 creatures vanquished.

Notes
Turn   | Place    | Note
-------+----------+-------------------------------------------
     0 | D:1      | RepHenryClay the Octopode Conjurer began the quest for the
                  | Orb.
     0 | D:1      | Reached XP level 1. HP: 11/11 MP: 3/3
   441 | D:1      | Reached XP level 2. HP: 17/17 MP: 0/5
  1427 | D:1      | Reached XP level 3. HP: 21/21 MP: 4/6
  1788 | D:2      | Reached skill level 5 in Conjurations
  1788 | D:2      | Found an iron altar of Okawaru.
  1797 | D:2      | Noticed Robin
  1813 | D:1      | HP: 1/21 [goblin[Robin] (1)]
  2343 | D:1      | Learned a level 2 spell: Searing Ray
  2432 | D:2      | Killed Robin
  2433 | D:2      | Reached XP level 4. HP: 27/27 MP: 2/7
  2662 | D:1      | Learned a level 4 spell: Iskenderun's Mystic Blast
  2807 | D:2      | Noticed Natasha
  2907 | D:2      | Killed Natasha
  3031 | D:2      | Noticed Natasha
  3036 | D:2      | Killed Natasha
  3037 | D:2      | Reached skill level 6 in Conjurations
  3037 | D:2      | Reached XP level 5. HP: 31/31 MP: 3/8
  3075 | D:2      | Noticed Sigmund
  3107 | D:2      | Slain by Sigmund

Illustrated notes

Levels and vault maps discovered:
D:1:      amcnicky_arrival_feature_with_door, layout_basic, minmay_unequal
D:2:      layout_basic, basic_altar, uniq_robin, uniq_sigmund, uniq_natasha

Skill      XL: |  1  2  3  4 |
---------------+-------------+-----
Conjurations   | 5 6 |  6.2
Dodging        | |  2.0
Stealth        | |  2.7
Spellcasting   | |  2.0

Action                   |  1- 3 |  4- 6 || total
-------------------------+-------+-------++-------
Melee: Short sword       |    34 |     2 ||    36
       Constrict         |     7 |     1 ||     8
       Tentacles         |     1 |       ||     1
 Cast: Magic Dart        |    43 |    24 ||    67
       Searing Ray       |     1 |     1 ||     2
  Use: Potion            |       |     3 ||     3
 Stab: Sleeping          |     4 |       ||     4
Armor: Skin              |     1 |       ||     1
Dodge: Dodged            |    24 |    12 ||    36

Table legend: (Time is in decaauts)
 A = Elapsed time spent in this place.
 B = Non-inter-level travel time spent in this place.
 C = Inter-level travel time spent in this place.
 D = Time resting spent in this place.
 E = Time spent auto-exploring this place.
 F = Levels seen in this place.
 G = Mean time per level.
                   A        B        C        D        E       F      G
               +--------+--------+--------+--------+--------+-----+--------+
         Total |   3124 |   3004 |    120 |   1049 |   1525 |   2 | 1562.0 |
       Dungeon |   3124 |   3004 |    120 |   1049 |   1525 |   2 | 1562.0 |
               +--------+--------+--------+--------+--------+-----+--------+

Top non-repeatable levels by time:
     D:1: 2676 daAuts
     D:2: 448 daAuts
